AoeStats
← WoodChuckle

Arabia

510001477Analyzed
1v1 RM · 4d ago on Sep 29, 2026· 29m 35s· 2 players
Game mode
Random Map
Map size
Tiny (2 player)
Population
200
Speed
Normal
Resources
Standard
Victory
Conquest
Starting age
Dark Age
Ending age
Imperial Age
RankedLock teamsTeams togetherTeam positionsShared explorationLock speedFull tech treeHidden civsTurbo modeCheats
Victory
Defeat
🇮🇳 Mongols · India
1088
+16
🇺🇸 Byzantines · United States
1090
-42
Infadel
7:30 Loom
9:19 Feudal Age
7:34 Loom
10:08 Double-Bit Axe
11:58 Horse Collar
16:01 Forging
18:02 Scale Barding Armor
22:18 Castle Age
20:53 Fletching
21:25 Stone Mining
22:35 Gold Mining
23:35 Bow Saw
26:18 Chain Barding Armor
26:51 Town Watch
28:52 Padded Archer Armor
WoodChuckle
10:14 Feudal Age
11:45 Double-Bit Axe
14:13 Loom
18:01 Castle Age
19:23 Wheelbarrow
22:50 Fletching
Connection lost

Rejoining the realm…

Still unreachable

The connection could not be restored.

Session expired

The server has moved on; the page needs a fresh start.